 Dungeon Crawl Stone Soup version 0.21.1-1-g345015fe64 (webtiles) character file.

44 Fascinator the Conjurer (level 3, 0/14 HPs)
             Began as a Felid Conjurer on July 10, 2018.
             Slain by a worker ant (4 damage)
             ... on level 2 of the Dungeon.
             The game lasted 00:06:27 (1461 turns).

Fascinator the Conjurer (Felid Conjurer)            Turns: 1461, Time: 00:06:28

Health: 0/14       AC:  1    Str:  4    XL:     3   Next: 41%
Magic:  1/7        EV: 18    Int: 17    God:
Gold:   115        SH:  0    Dex: 16    Spells: 2/6 levels left
                                        Lives:  0   Deaths: 0

rFire    . . .     SeeInvis +   (weapon unavailable)
rCold    . . .     Gourm    .   (shield unavailable)
rNeg     . . .     Faith    .   (armour unavailable)
rPois    .         Spirit   .   (helmet unavailable)
rElec    .         Reflect  .   (cloak unavailable)
rCorr    .         Harm     .   (gloves unavailable)
MR       .....                  (boots unavailable)
Stlth    +++.......             (no amulet)
HPRegen  0.04/turn              (no ring)
MPRegen  0.10/turn              (no ring)

@: very slightly contaminated, quick
A: very small, no armour, no weapons or thrown items, stealth, claws 1, fangs 3,
see invisible, carnivore, speed 1, shaggy fur 1, slow metabolism 1, sharp paws
a: no special abilities


You were on level 2 of the Dungeon.
You were very hungry.

You visited 1 branch of the dungeon, and saw 2 of its levels.

You collected 115 gold pieces.

Inventory:

Wands
 i - a wand of flame (18)
Scrolls
 e - a scroll of teleportation {unknown}
 f - a scroll of enchant weapon {unknown}
 h - a scroll of identify {unknown}
Potions
 c - a potion of curing {unknown}
 d - 3 potions of mutation {unknown}
 g - a potion of heal wounds {unknown}
Books
 a - a book of Conjurations

   Spells                             Type                      Level
   a - Magic Dart                     Conjuration                  1
   b - Searing Ray                    Conjuration                  2
   c - Dazzling Spray                 Conjuration/Hexes            3
   d - Fulminant Prism                Conjuration/Hexes            4
   e - Force Lance                    Conjuration/Translocation    4
   f - Iskenderun's Mystic Blast      Conjuration                  4
Comestibles
 b - 3 rations


   Skills:
 + Level 3.3 Dodging
 + Level 3.4 Stealth
 + Level 2.3 Spellcasting
 * Level 4.1 Conjurations
 + Level 0.0 Evocations


You had 2 spell levels left.
You knew the following spells:

 Your Spells              Type           Power        Failure   Level  Hunger
a - Magic Dart            Conj           ###.         3%          1    #......
b - Dazzling Spray        Conj/Hex       #.....       24%         3    ###....


Dungeon Overview and Level Annotations

Branches:
Dungeon (2/15)

Altars:
Ashenzari
Nemelex Xobeh
Okawaru


Innate Abilities, Weirdness & Mutations

You cannot wear armour.
You are incapable of wielding weapons or throwing items.
Your paws allow you to move quietly. (Stealth)
You have sharp claws.
You have razor-sharp teeth.
You have supernaturally acute eyesight. (SInv)
You are carnivorous and can eat meat at any time.
You cover ground quickly.
You are covered in fur. (AC +1)
You have a slow metabolism.
Your sharp claws are effective at attacking unaware monsters.


Message History

The worker ant is lightly wounded.
The worker ant completely misses you. The worker ant bites you.
You scratch the worker ant.
The worker ant is lightly wounded.
The worker ant barely misses you.
You barely miss the worker ant. You bite the worker ant.
The worker ant is moderately wounded.
The worker ant closely misses you.
You barely miss the worker ant.
The worker ant is moderately wounded.
The worker ant completely misses you.
You closely miss the worker ant.
The worker ant is moderately wounded.
The worker ant bites you!
Ouch! That really hurt!
* * * LOW HITPOINT WARNING * * *
You scratch the worker ant but do no damage.
The worker ant is moderately wounded.
The worker ant misses you. The worker ant bites you.
You die...

#....#.#.)..#####...##
###.#####.###.. ##..#
..###.!.###....###..#######
....#._. .................#
..###...###....###..#####.#
###.#####.###.......# #.#
##### # ...#.#....###.)...#
#.# #.... .. #...........#
#.# #.### #......a@...# #(#
#.# ##..........# #.# #.#
#.....##..## #.# #†#
.#.....##..######.# #.#
...................# #.###
###............#######.).#
########.###..........).
#.# ########....< #.#
#.....


You could see a worker ant.

Vanquished Creatures
  An ooze (D:2)
  2 dart slugs (D:1)
  2 leopard geckos
  3 bats
  5 giant cockroaches
  A goblin (D:2)
  2 hobgoblins (D:2)
  2 jackals (D:2)
  5 kobolds
  A quokka (D:2)
  3 frilled lizards
  5 rats (D:1)
32 creatures vanquished.

Notes
Turn   | Place    | Note
-------+----------+-------------------------------------------
     0 | D:1      | Fascinator the Felid Conjurer began the quest for the Orb.
     0 | D:1      | Reached XP level 1. HP: 7/7 MP: 4/4
   136 | D:1      | Reached XP level 2. HP: 11/11 MP: 6/6
   451 | D:1      | Found a sparkling altar of Nemelex Xobeh.
   655 | D:2      | Found an iron altar of Okawaru.
   681 | D:2      | Reached skill level 4 in Conjurations
   751 | D:2      | Reached XP level 3. HP: 14/14 MP: 0/7
   831 | D:2      | Learned a level 3 spell: Dazzling Spray
   878 | D:2      | Found a shattered altar of Ashenzari.
  1461 | D:2      | Slain by a worker ant

Skill      XL: |  1  2 |
---------------+-------+-----
Stealth        | 3 |  3.4
Dodging        | 3 |  3.3
Conjurations   | 4 |  4.1
Spellcasting   | |  2.3

Action                   || total
-------------------------++-------
Melee: Unarmed           ||    67
       Bite              ||     4
 Cast: Magic Dart        ||    53
       Dazzling Spray    ||     5
 Stab: Sleeping          ||     7
Armor: Skin              ||     2
Dodge: Dodged            ||    65
